 Dungeon Crawl Stone Soup version 0.24.0-41-g2ae2f7f1be (webtiles) character file.

Game seed: 12480146075383506271, levelgen mode: deterministic

135 Emblim88 the Shooter (level 4, 0/38 HPs)
             Began as a Centaur Hunter on Dec 9, 2019.
             Slain by a river rat (9 damage)
             ... on level 4 of the Dungeon.
             The game lasted 00:05:45 (3834 turns).

Emblim88 the Shooter (Centaur Hunter)               Turns: 3834, Time: 00:05:46

Health: 0/38       AC:  4    Str: 15    XL:     4   Next: 96%
Magic:  4/4        EV: 10    Int: 10    God:
Gold:   121        SH:  0    Dex: 10    Spells: 3/3 levels left

rFire    . . .     SeeInvis .   b - +0 short sword
rCold    . . .     Gourm    .   (no shield)
rNeg     . . .     Faith    .   c - +0 leather armour
rPois    .         Spirit   .   (no helmet)
rElec    .         Reflect  .   (no cloak)
rCorr    .         Harm     .   (no gloves)
MR       .....                  (no barding)
Stlth    +.........             (no amulet)
HPRegen  0.12/turn              (no ring)
MPRegen  0.09/turn              (no ring)

@: very quick
A: large, hooves 3, deformed body, speed 2, tough skin 3
a: no special abilities


You were on level 4 of the Dungeon.
You were near starving.

You visited 1 branch of the dungeon, and saw 4 of its levels.

You collected 121 gold pieces.

Inventory:

Hand Weapons
 a - a +1 shortbow
 b - a +0 short sword (weapon)
 g - a +0 hunting sling
Missiles
 d - 17 arrows
 h - 13 stones (quivered)
 p - 11 sling bullets
Armour
 c - a +0 leather armour (worn)
Scrolls
 e - 4 scrolls of identify {unknown}
 i - a scroll of random uselessness {unknown}
 j - a scroll of amnesia {unknown}
 m - a scroll of enchant armour {unknown}
 n - 3 scrolls of teleportation {unknown}
 q - a scroll of remove curse {unknown}
Potions
 k - a potion of heal wounds {unknown}
 l - 2 potions of haste {unknown}
 o - a potion of degeneration {unknown}
 r - a potion of curing {unknown}
Comestibles
 f - 2 rations


   Skills:
 + Level 3.0 Fighting
 * Level 7.0 Bows
 + Level 2.2 Dodging
 - Level 0.4 Stealth


You had 3 spell levels left.
You didn't know any spells.
Your spell library was empty.

Dungeon Overview and Level Annotations

Branches:
Dungeon (4/15)
 Temple: D:4-7

Altars:
Yredelemnul

Portals:
Sewer: D:4


Innate Abilities, Weirdness & Mutations

You have hooves in place of feet.
Armour fits poorly on your strangely shaped body.
You cover ground very quickly.
You have extremely tough skin. (AC +3)


Message History

The river rat bites you.
The quokka skeleton bites you but does no damage.
There is a stone staircase leading up, spattered with blood here.
You closely miss the river rat. The river rat misses you.
The quokka skeleton bites you. The giant cockroach closely misses you.
You hit the river rat but do no damage. The river rat barely misses you.
The quokka skeleton closely misses you.
The giant cockroach bites you but does no damage.
You hit the river rat. Your kick misses the river rat.
The river rat is moderately wounded.
The river rat barely misses you. The giant cockroach bites you.
The quokka skeleton bites you.
You closely miss the giant cockroach. Your kick misses the giant cockroach.
The giant cockroach bites you but does no damage.
The river rat bites you! The quokka skeleton bites you.
* * * LOW HITPOINT WARNING * * *
You hit the giant cockroach.
The giant cockroach is severely wounded.
The giant cockroach misses you. The river rat bites you!
You die...

.# #..... .... ...
....##..# ..# .......
. #.. #....
#.#####.######..######
.....#.........(≈(≈∩#
####.)..####.((#.≈≈≈≈#
......r....?.###.≈≈≈≈#
...###@s.#........≈≈#
#Z.....###....≈#
#....### ....##
........ ###..
##.....### #.. #.....#
##..... #......


You could see a river rat, a giant cockroach and a quokka skeleton.

Vanquished Creatures
  4 gnolls
  2 adders (D:2)
  An ooze (D:3)
  4 worms
  2 dart slugs (D:2)
  A leopard gecko (D:1)
  An orc (D:3)
  A giant cockroach (D:2)
  6 hobgoblins
  2 quokkas (D:3)
  6 bats
  3 frilled lizards
  5 goblins
  7 kobolds
  18 rats
63 creatures vanquished.

Notes
Turn   | Place    | Note
-------+----------+-------------------------------------------
     0 | D:1      | Emblim88 the Centaur Hunter began the quest for the Orb.
     0 | D:1      | Reached XP level 1. HP: 17/17 MP: 1/1
   142 | D:1      | Reached XP level 2. HP: 24/24 MP: 2/2
   780 | D:2      | Reached skill level 6 in Bows
   842 | D:2      | Reached XP level 3. HP: 30/30 MP: 3/3
  1322 | D:1      | Reached XP level 4. HP: 33/37 MP: 4/4
  2932 | D:3      | Found a basalt altar of Yredelemnul.
  3199 | D:3      | Reached skill level 7 in Bows
  3504 | D:4      | Found a glowing drain.
  3834 | D:4      | Slain by a river rat

Levels and vault maps discovered:
D:1:      erik_arrival_orb_chamber, layout_basic
D:2:      layout_basic, first_ration, kennysheep_generic_room_7
D:3:      layout_loops_ring, marbit_many_paths
D:4:      kennysheep_kobold_camp, layout_rooms, kennysheep_mini_moat,
          portal_sewer_entry_b, uniq_natasha, uniq_ijyb, uniq_duvessa

Skill      XL: |  1  2  3  4 |
---------------+-------------+-----
Bows           | 6 7 |  7.0
Dodging        | 2 |  2.2
Fighting       | 3 |  3.0
Stealth        | |  0.4

Action                   |  1- 3 |  4- 6 || total
-------------------------+-------+-------++-------
Melee: Short sword       |    30 |    46 ||    76
       Kick              |     9 |     4 ||    13
 Fire: Shortbow          |    75 |     5 ||    80
       Hunting sling     |       |   110 ||   110
Throw: Stone             |    13 |     4 ||    17
  Eat: Chunk             |       |     2 ||     2
       Ration            |       |     1 ||     1
Armor: Leather armour    |    21 |    59 ||    80
Dodge: Dodged            |    30 |    83 ||   113
